Map: Dusk Towers

Players

ArT - Winner!

  • Race: Protoss Protoss
  • League: Master

Miszu

  • Race: Terran Terran
  • League: Master

VOD

Have the link to the VOD?

Description

Time

  • Played on: April 2, 2016, 12:49 p.m.
  • Length: 6:44
Show
View Real Time Build Order
Export as new Build Order

ArT Protoss - Winner!

Build Orders: 1 Gate Expand, Blink Stalkers 

Get SALT Encoding   

  12  0:01  Probe (Chrono Boost)  
  13  0:11  Probe (Chrono Boost)  
  14  0:18  Pylon  
  14  0:22  Probe (Chrono Boost)  
  15  0:36  Gateway, Probe (Chrono Boost)  
  16  0:43  Assimilator  
  16  0:47  Probe (Chrono Boost)  
  17  0:57  Probe (Chrono Boost)  
  18  1:08  Probe (Chrono Boost)  
  19  1:22  Nexus  
  19  1:32  Cybernetics Core  
  19  1:35  Probe (Chrono Boost)  
  20  1:43  Assimilator  
  20  1:45  Probe (Chrono Boost)  
  21  1:51  Pylon  
  21  1:56  Probe (Chrono Boost)  
  22  2:06  Probe (Chrono Boost)  
  23  2:09  Stalker  
  23  2:10  Warp Gate (Chrono Boost)  
  25  2:17  Probe (Chrono Boost)  
  26  2:27  Robotics Facility  
  26  2:30  Probe (Chrono Boost)  
  26  2:35  Probe (Chrono Boost)  
  28  2:41  Probe (Chrono Boost)  
  29  2:45  Probe (Chrono Boost)  
  29  2:51  Twilight Council  
  29  2:53  Probe (Chrono Boost)  
  29  2:56  Probe (Chrono Boost)  
  31  3:04  Probe (Chrono Boost)  
  32  3:06  Probe (Chrono Boost)  
  32  3:09  Gateway  
  33  3:15  Gateway  
  33  3:16  Observer (Chrono Boost)  
  33  3:19  Mothership Core  
  34  3:23  Probe  
  37  3:27  Blink (Chrono Boost)  
  37  3:30  Pylon  
  37  3:35  Probe  
  37  3:39  Probe  
  39  3:47  Probe  
  40  3:51  Probe (Chrono Boost)  
  41  3:59  Probe (Chrono Boost)  
  42  4:06  Probe (Chrono Boost)  
  42  4:09  Stalker x3  
  49  4:11  Probe (Chrono Boost)  
  51  4:18  Probe (Chrono Boost)  
  40  4:32  Probe (Chrono Boost)  
  41  4:38  Probe (Chrono Boost)  
  41  4:43  Probe (Chrono Boost)  
  42  4:48  Nexus  
  42  4:50  Assimilator  
  42  4:53  Dark Shrine, Probe (Chrono Boost)  
  42  4:55  Probe (Chrono Boost)  
  44  5:04  Warp Prism (Chrono Boost), Probe (Chrono Boost)  
  47  5:08  Probe  
  48  5:15  Probe  
  48  5:18  Pylon  
  48  5:20  Probe  
  50  5:28  Probe  
  51  5:32  Probe  
  51  5:34  Stalker  
  54  5:36  Stalker  
  54  5:45  Probe (Chrono Boost)  
  54  5:46  Probe (Chrono Boost)  
  54  5:49  Observer (Chrono Boost)  
  55  5:51  Stalker  
  55  5:56  Pylon  
  58  5:57  Probe (Chrono Boost)  
  58  6:00  Probe (Chrono Boost)  
  59  6:07  Dark Templar  
  59  6:08  Dark Templar  
  59  6:09  Probe (Chrono Boost)  
  59  6:10  Assimilator  
  64  6:12  Probe x2 (Chrono Boost)  
  64  6:17  Forge  
  66  6:20  Dark Templar  
  66  6:23  Probe (Chrono Boost)  
  69  6:34  Gateway  
  69  6:35  Gateway  
  68  6:42  Stalker x2  
Show
View Real Time Build Order
Export as new Build Order

Miszu Terran 

Build Orders: 1/1/1, Liberator Opening 

Get SALT Encoding   

  12  0:01  SCV  
  13  0:13  SCV  
  14  0:17  Supply Depot  
  14  0:25  SCV  
  15  0:34  Refinery  
  15  0:39  SCV  
  16  0:50  Barracks  
  16  0:51  SCV  
  16  0:53  Refinery  
  17  1:03  SCV  
  18  1:15  SCV  
  19  1:27  SCV  
  20  1:38  Factory  
  20  1:39  Orbital Command  
  20  1:40  Marine  
  21  1:49  Supply Depot  
  21  1:58  Marine  
  22  2:05  SCV  
  23  2:16  Marine  
  23  2:17  SCV  
  23  2:22  Hellion  
  27  2:24  Starport  
  27  2:29  Supply Depot  
  27  2:32  SCV  
  27  2:34  Marine  
  29  2:44  Hellion  
  31  2:51  SCV  
  31  2:52  Marine  
  33  3:00  Medivac  
  33  3:03  SCV  
  36  3:06  Hellion  
  36  3:10  Marine  
  39  3:21  Supply Depot  
  39  3:25  Liberator  
  39  3:28  Barracks Reactor, Factory Tech Lab  
  39  3:36  Command Center  
  39  3:46  Siege Tank  
  45  3:51  SCV  
  46  3:59  Supply Depot  
  46  4:03  SCV  
  46  4:27  Marine x2, Liberator  
  46  4:36  Siege Tank, SCV  
  50  4:40  Barracks  
  50  4:41  Barracks  
  50  4:45  Marine x2  
  50  4:48  SCV  
  52  4:55  Bunker  
  52  5:00  Orbital Command  
  52  5:03  SCV  
  53  5:15  SCV  
  54  5:23  Engineering Bay  
  54  5:27  SCV  
  54  5:28  SCV  
  56  5:35  Starport Reactor, Barracks Tech Lab  
  56  5:39  SCV  
  56  5:40  SCV  
  56  5:42  Marine  
  56  5:51  SCV  
  56  5:52  Refinery, Command Center, SCV  
  58  6:03  SCV  
  60  6:04  SCV  
  60  6:07  Supply Depot  
  60  6:08  Marauder  
  62  6:14  Refinery  
  62  6:15  SCV  
  62  6:16  SCV  
  66  6:18  Marauder  
  66  6:19  Marine x2  
  69  6:27  SCV  
  69  6:30  SCV  
  74  6:41  Barracks  
  74  6:42  Barracks  
Tags
 
Add a new tag
Caveats
  • Supply blocks, unpowered buildings, or Contaminate may cause inaccurate times.
  • Supply counts are checked every 10 seconds.